 Dungeon Crawl Stone Soup version 0.31-a0-818-ge7c7cf74f0 (webtiles) character file.

Game seed: 204658467455043685

8113 javelincjr the Martial Artist (level 11, -8/82 HPs)
             Began as a Demonspawn Shapeshifter on Sept 22, 2023.
             Was an Initiate of Gozag.
             Mangled by an ogre
             ... wielding a +0 giant spiked club
              (28 damage)
             ... on level 9 of the Dungeon.
             The game lasted 00:41:28 (9705 turns).

javelincjr the Martial Artist (DsSh)                Turns: 9705, Time: 00:41:28

Health: -8/82      AC: 11    Str: 22    XL:     11   Next: 5%
Magic:  11/11      EV: 18    Int: 11    God:    Gozag
Gold:   3253       SH:  0    Dex: 13    Spells: 10/10 levels left

rFire   + + +        a - +10 sling "Obro" {drain, rF+}
rCold   . . .        (no shield)
rNeg    . . .        T - +2 ring mail {rF+}
rPois   .            (helmet currently unavailable)
rElec   +            (cloak currently unavailable)
rCorr   .            o - melded +0 pair of gloves
SInv    .            l - melded +0 pair of boots
Will    ++...        O - amulet of magic regeneration
Stlth   +            Q - ring "Pyproceh" {rElec rF+ Will++ Str+6 Dex-3}
HPRegen 1.13/turn    (no ring)
MPRegen 0.52/turn

%: no passive effects
@: mighty, agile, beast-form
A: beast (slay +4), claws 1, molten scales 2, powered by death 1, powered by
pain 2, fangs 1, regeneration 1
a: Begin Untransformation, Renounce Religion, Potion Petition, Call Merchant,
Bribe Branch


You were on level 9 of the Dungeon.
You worshipped Gozag.
Gozag was most pleased with you.
You were a hulking beast.
You visited 3 branches of the dungeon, and saw 12 of its levels.
You also visited: Ossuary and Bailey.

You collected 3370 gold pieces.
You spent 117 gold pieces at shops.

Inventory:

Hand Weapons
 a - the +10 sling "Obro" (weapon) {drain, rF+}
   (You found it on level 2 of the Dungeon)

   rF+:       It protects you from fire.
 b - a +2 hand axe of freezing
 q - a +2 falchion of draining
 K - a +4 scimitar
 M - a +3 spear of freezing
 R - the +5 orcbow of Pandemonium {antimagic, rF+ Will+ Str+6}
   (You found it on level 8 of the Dungeon)

   Str+6:     It affects your strength (+6).
   rF+:       It protects you from fire.
   Will+:     It increases your willpower.
Missiles
 P - 17 boomerangs
Armour
 h - a +0 ring mail
 l - a +0 pair of boots (melded)
 o - a +0 pair of gloves (melded)
 t - a +0 leather armour of fire resistance
 N - a +0 buckler
 T - a +2 ring mail of fire resistance (worn)
 U - a +2 scale mail of cold resistance
Jewellery
 O - an amulet of magic regeneration (around neck)
 Q - the ring "Pyproceh" (left claw) {rElec rF+ Will++ Str+6 Dex-3}
   (You took it off a kobold brigand in a bailey)

   [ring of strength]

   Str+6:     It affects your strength (+6).
   Dex-3:     It affects your dexterity (-3).
   rF+:       It protects you from fire.
   rElec:     It insulates you from electricity.
   Will++:    It greatly increases your willpower.
Talismans
 c - a beast talisman (active)
 d - a flux talisman
 v - a blade talisman
Wands
 e - a wand of iceblast (14)
 k - a wand of paralysis (1)
 F - a wand of flame (49)
Scrolls
 g - 2 scrolls of immolation
 i - 3 scrolls of vulnerability
 m - 3 scrolls of amnesia
 n - a scroll of identify
 p - a scroll of noise {unknown}
 s - a scroll of fog {unknown}
 u - 2 scrolls of silence {unknown}
 w - 3 scrolls of teleportation
 y - a scroll of brand weapon {unknown}
 D - a scroll of torment {unknown}
 G - 2 scrolls of blinking {unknown}
 I - a scroll of poison {unknown}
 J - a scroll of revelation {unknown}
Potions
 f - 5 potions of brilliance
 r - 4 potions of lignification
 x - a potion of degeneration {unknown}
 z - a potion of might
 A - 6 potions of curing
 B - 2 potions of attraction
 C - a potion of haste {unknown}
 E - 6 potions of enlightenment
 H - 3 potions of ambrosia {unknown}
 L - a potion of resistance
 S - a potion of cancellation {unknown}


   Skills:
 + Level 6.3 Fighting
 + Level 5.1 Ranged Weapons
 + Level 5.2 Armour
 + Level 5.8 Dodging
 * Level 8.4 Unarmed Combat
 * Level 7.7 Shapeshifting


You had 10 spell levels left.
You didn't know any spells.
Your spell library contained the following spells:

 Spells                   Type           Power      Damage    Failure   Level
 Freeze                   Ice            0%         1d3       50%         1
 Slow                     Hex            0%         N/A       50%         1
 Ensorcelled Hibernation  Hex/Ice        0%         N/A       63%         2
 Passwall                 Tmut/Erth      0%         N/A       63%         2
 Confusing Touch          Hex            0%         N/A       86%         3
 Dazzling Flash           Conj/Hex       0%         N/A       86%         3
 Frozen Ramparts          Ice            0%         1d1       86%         3
 Hailstorm                Conj/Ice       0%         3d3       86%         3
 Sigil of Binding         Hex            0%         N/A       86%         3
 Swiftness                Air            0%         N/A       86%         3
 Vampiric Draining        Necr           0%         2d6       86%         3
 Passage of Golubria      Tloc           0%         N/A       99%         4
 Agony                    Necr           0%         N/A       100%        5
 Silence                  Hex/Air        0%         N/A       100%        5
 Haunt                    Necr/Summ      0%         N/A       100%        7
 Borgnjor's Revivificati  Necr           0%         N/A       100%        8
 Lehudib's Crystal Spear  Conj/Erth      0%         10d2      100%        8
 Death's Door             Necr           0%         N/A       100%        9


Dungeon Overview and Level Annotations

Branches:
Dungeon (10/15)            Temple (1/1) D:5             Orc (1/2) D:9
Ossuary (visited)          Bailey (visited)
   Lair: D:8-11

Altars:
Ashenzari
Cheibriados
Dithmenos
Fedhas
Gozag
Hepliaklqana
Kikubaaqudgha
Makhleb
Nemelex Xobeh
Okawaru
Qazlal
Sif Muna
Trog
Uskayaw
Vehumet
Wu Jian
Yredelemnul

Shops:
D:3 [


Innate Abilities, Weirdness & Mutations

You are a hulking beast.
Your limbs bulge with bestial killing power. (Slay +4)
You have sharp fingernails.
You are mostly covered in molten scales. (AC +3)
You regenerate a little health from kills.
You sometimes gain power by taking damage.
You have very sharp teeth.
Your natural rate of healing is unusually fast.


Message History

You climb downwards.
Welcome back to the Orcish Mines!
The orc shouts!
The ogre hits you with a +0 giant club.
The orc knight hits you with a +0 war axe!
You focus on the pain.
You feel agile all of a sudden. The ogre closely misses you.
There is a staircase back to the Dungeon, spattered with blood here.
The orc knight hits you with a +0 war axe!
The ogre hits you with a +0 giant club!!
You focus on the pain.
You feel more agile all of a sudden. The ogre closely misses you.
You climb upwards.
Welcome back to the Dungeon!
There is a staircase to the Orcish Mines, spattered with blood here.
Read: scroll of fear
Press: ? - help, Q - select action, (/) - cycle Dir - look around, f - activate Look: an ogre, wielding a +0 giant club (chance to affect: 97%)
As you read the scroll of fear, it crumbles to dust.
You assume a fearsome visage.
The ogre looks frightened!
The orc knight looks frightened!
The ogre looks frightened!
Fire: a) +10 sling "Obro" {drain, rF+}
Press: ? - help, Q - select action, (/) - cycle Shift-Dir - straight line, f - orc knight, p - ogre
Aim: an orc knight, wielding a +0 war axe and wearing a +0 plate armour (fleeing, 73% to hit)
You shoot a sling bullet. The sling bullet hits the orc knight.
Your attack snaps the orc knight out of its fear.
The orc knight is lightly wounded.
The orc knight barely misses you.
The ogre tries to recover its lost courage.
Cornered, the ogre turns to fight!
The orc knight closely misses you.
Cornered, the ogre turns to fight!
Items here: )) [[.
The orc knight hits you with a +0 war axe!
* * * LOW HITPOINT WARNING * * *
You focus on the pain.
You feel very mighty all of a sudden.
The ogre hits you with a +0 giant spiked club!!
You die...
Your body crumbles into a pile of gold.

### ### ### ###
#######8###8###.###.##
#≈≈≈.#...#...#...#[..#
#≈≈.O#................
#§>o.h.........)...[..
#≈≈[O#................
#≈≈≈.#...#...#...#...#
#######8###.###.###8##
### ### ### ###


You could see an orc knight and 2 ogres.

Vanquished Creatures
  An ugly thing (D:9)
  A troll (D:9)
  Prince Ribbit (D:6)
  Sigmund (D:6)
  A shadow (D:9)
  A wyvern (D:7)
  Eustachio (D:6)
  2 vampire mosquitoes (D:9)
  Menkaure (Ossuary)
  2 acid dragons (D:9)
  5 water moccasins
  2 black bears
  2 ice beasts
  9 orc warriors
  An ogre (D:6)
  4 sky beasts
  4 centaurs
  7 kobold brigands
  2 bullfrogs (D:6)
  3 gnoll sergeants
  3 scorpions
  13 wights
  10 killer bees
  3 howler monkeys
  4 jellies
  A hound (D:5)
  7 orc priests
  2 gnoll boudas
  5 iguanas
  13 orc wizards
  4 mummies
  26 gnolls
  8 adders
  3 shadow imps
  A white imp (D:6)
  2 ufetubi
  2 worms
  3 dart slugs
  32 orcs
  6 bats
  10 endoplasms
  7 giant cockroaches
  4 gnoll zombies (Ossuary)
  8 goblins
  2 hobgoblins
  4 jackals (D:2)
  4 quokkas
  6 ball pythons
  2 frilled lizards
  5 gnoll skeletons (Ossuary)
  4 goblin skeletons (Ossuary)
  2 goblin zombies (Ossuary)
  6 hobgoblin skeletons (Ossuary)
  4 hobgoblin zombies (Ossuary)
  22 kobolds
  4 kobold skeletons (Ossuary)
  4 kobold zombies (Ossuary)
  An orc skeleton (Ossuary)
  10 orc zombies
  6 rats
  5 rat skeletons (Ossuary)
  3 rat zombies (Ossuary)
322 creatures vanquished.

Notes
Turn   | Place    | Note
-------+----------+-------------------------------------------
     0 | D:1      | javelincjr the Demonspawn Shapeshifter began the quest for
                  | the Orb.
     0 | D:1      | Reached XP level 1. HP: 15/15 MP: 1/1
    37 | D:1      | Found a faded altar of an unknown god.
    42 | D:1      | Prayed at the altar of an unknown god.
    42 | D:1      | Became a worshipper of Gozag Ym Sagoz the Greedy
   234 | D:1      | Gained mutation: You sometimes gain a little power by
                  | taking damage. [demonic ancestry]
   234 | D:1      | Reached XP level 2. HP: 21/21 MP: 2/2
   365 | D:1      | Reached skill level 3 in Unarmed Combat
   856 | D:1      | Gained mutation: You are partially covered in molten
                  | scales. (AC +2) [demonic ancestry]
   856 | D:1      | Reached XP level 3. HP: 26/26 MP: 3/3
  1723 | D:2      | Identified the +10 sling "Obro" {drain, rF+}
  1778 | D:2      | Gained mutation: You regenerate a little health from kills.
                  | [demonic ancestry]
  1778 | D:2      | Reached XP level 4. HP: 33/33 MP: 4/4
  1972 | D:3      | Found Edisieso's Armour Boutique.
  1978 | D:3      | Bought a +0 leather armour of fire resistance for 117 gold
                  | pieces
  2262 | D:3      | Noticed an ice beast
  2265 | D:3      | Killed an ice beast
  2266 | D:3      | Reached skill level 1 in Armour
  2266 | D:3      | Reached XP level 5. HP: 38/38 MP: 5/5
  2318 | D:3      | Found an ornate altar of the Wu Jian Council.
  2943 | D:4      | Reached skill level 4 in Unarmed Combat
  2943 | D:4      | Reached XP level 6. HP: 46/46 MP: 6/6
  3162 | D:4      | Found a broken altar of Ashenzari.
  3481 | D:4      | Reached skill level 1 in Ranged Weapons
  3628 | D:5      | Entered Level 5 of the Dungeon
  3635 | D:5      | Reached XP level 7. HP: 51/51 MP: 7/7
  4081 | D:5      | Found a staircase to the Ecumenical Temple.
  4094 | Temple   | Entered the Ecumenical Temple
  4170 | D:5      | Reached skill level 5 in Unarmed Combat
  4206 | D:5      | Reached XP level 8. HP: 33/59 MP: 8/8
  4835 | D:6      | Reached skill level 5 in Shapeshifting
  4867 | D:6      | Found a sand-covered staircase.
  4875 | Ossuary  | Entered an ossuary
  5264 | Ossuary  | Noticed Menkaure
  5271 | Ossuary  | Killed Menkaure
  5398 | D:6      | Noticed Sigmund
  5728 | D:6      | Noticed Prince Ribbit
  5737 | D:6      | Killed Prince Ribbit
  5738 | D:6      | Reached skill level 6 in Unarmed Combat
  5772 | D:6      | Gained mutation: You have very sharp teeth. [potion of
                  | mutation]
  5772 | D:6      | Gained mutation: Your natural rate of healing is unusually
                  | fast. [potion of mutation]
  5772 | D:6      | Noticed Eustachio
  5778 | D:6      | Killed Sigmund
  5779 | D:6      | Gained mutation: You are mostly covered in molten scales.
                  | (AC +3) [demonic ancestry]
  5779 | D:6      | Reached XP level 9. HP: 66/66 MP: 9/9
  5790 | D:6      | Killed Eustachio
  6082 | D:6      | Found a blossoming altar of Fedhas.
  6299 | D:6      | Found a sparkling altar of Nemelex Xobeh.
  6557 | D:7      | Reached skill level 5 in Fighting
  6620 | D:7      | Reached skill level 7 in Unarmed Combat
  6752 | D:7      | Found a flagged portal.
  6768 | D:7      | Reached skill level 5 in Dodging
  6768 | D:7      | Gained mutation: You have sharp fingernails. [demonic
                  | ancestry]
  6768 | D:7      | Reached XP level 10. HP: 59/74 MP: 10/10
  6845 | Bailey   | Entered a bailey
  7130 | Bailey   | Identified the ring "Pyproceh" {rElec rF+ Will++ Str+6
                  | Dex-3}
  7193 | Bailey   | Found a burning altar of Makhleb.
  7917 | D:8      | Identified the +5 orcbow of Pandemonium {antimagic, rF+
                  | Will+ Str+6}
  8564 | D:9      | Reached skill level 8 in Unarmed Combat
  8606 | D:9      | Found an iron altar of Okawaru.
  8754 | D:9      | Noticed a white ugly thing
  8762 | D:9      | Killed a white ugly thing
  8763 | D:9      | Reached skill level 5 in Armour
  8808 | D:9      | Reached skill level 5 in Ranged Weapons
  8973 | D:9      | Found a staircase to the Orcish Mines.
  9190 | D:10     | Entered Level 10 of the Dungeon
  9302 | D:10     | Found a basalt altar of Yredelemnul.
  9443 | D:10     | Noticed a gargoyle
  9501 | D:10     | Noticed a centaur warrior
  9501 | D:10     | Noticed an ogre mage
  9562 | Orc:1    | Entered Level 1 of the Orcish Mines
  9567 | Orc:1    | Gained mutation: You sometimes gain power by taking damage.
                  | [demonic ancestry]
  9567 | Orc:1    | Reached XP level 11. HP: 81/81 MP: 11/11
  9584 | Orc:1    | Noticed an orc knight
  9705 | D:9      | Mangled by an ogre

Illustrated notes

Levels and vault maps discovered:
D:1:      minmay_arrival_checkered_box, layout_loops_corners,
          ebering_ecumenical_altar_hall
D:2:      layout_basic, hex_medium, chequers_serial_rivers_micro_b, minivault_26
D:3:      layout_basic, lemuel_round_altar, old_standard_altar, serial_shops,
          shop
D:4:      layout_basic, mainiacjoe_overflow_catch_the_wave
D:5:      dreamdust_elfheim, layout_loops_ring,
          minmay_temple_entry_drinking_statues, kennysheep_boxes
D:6:      layout_basic, fedhas_altar_2, nemelex_diamond_rough_becter,
          nicolae_ossuary_entry_giza, minivault_11,
          chequers_serial_rivers_micro_d, kennysheep_donut, uniq_sigmund,
          uniq_eustachio, uniq_prince_ribbit1
D:7:      layout_loops_ring, serial_glass, glass_columns_a, glass_columns_b,
          glass_columns_a, glass_columns_a, enter_bailey_6
D:8:      layout_cave_pools, corexii_hall_statues_u,
          minmay_misc_feat_more_columns, chequers_serial_rivers_small_3,
          kennysheep_generic_room_7
D:9:      layout_rooms, kennysheep_okawaru_gauntlet, david_orc_4
D:10:     minmay_bubble_buster, layout_small_grid,
          mainiacjoe_overflow_cross_hatched, nicolae_overflow_squiral,
          hangedman_decor_opposing, minmay_checkerbox
Temple:   minmay_temple_forest_path
Orc:1:    layout_caves, basic_altar

Skill      XL: |  1  2  3  4  5  6  7  8  9 10 |
---------------+-------------------------------+-----
Unarmed Combat | 3 4 5 6 7 8 |  8.4
Dodging        | 2 3 4 5 |  5.8
Shapeshifting  | 3 4 5 6 7 |  7.7
Fighting       | 2 3 4 5 6 |  6.3
Armour         | 1 2 3 4 5 |  5.2
Ranged Weapons | 1 2 3 4 5 |  5.1

Action                     |  1- 3 |  4- 6 |  7- 9 | 10-12 || total
---------------------------+-------+-------+-------+-------++-------
  Melee: Unarmed           |   127 |       |     9 |       ||   136
         Punch             |     1 |       |       |     3 ||     4
         Hand axe          |       |       |    15 |    43 ||    58
         Bite              |       |       |       |     3 ||     3
   Fire: Sling             |     3 |    76 |   326 |   259 ||   664
Ability: Begin Untransform |       |       |     1 |       ||     1
  Evoke: Wand              |       |       |       |     1 ||     1
    Use: Scroll            |       |       |     9 |     4 ||    13
         Potion            |       |       |     4 |     2 ||     6
   Stab: Sleeping          |     3 |       |       |       ||     3
         Paralysed         |       |       |       |     3 ||     3
 Armour: Animal skin       |    14 |       |       |       ||    14
         Ring mail         |    45 |       |       |    46 ||    91
         Leather armour    |       |    13 |   115 |   123 ||   251
  Dodge: Dodged            |    64 |    19 |   104 |   180 ||   367
   Form: Beast             |       |       |     1 |       ||     1

Table legend: (Time is in decaauts)
 A = Elapsed time spent in this place.
 B = Non-inter-level travel time spent in this place.
 C = Inter-level travel time spent in this place.
 D = Time resting spent in this place.
 E = Time spent auto-exploring this place.
 F = Levels seen in this place.
 G = Mean time per level.
                   A        B        C        D        E       F      G
               +--------+--------+--------+--------+--------+-----+--------+
         Total |   9898 |   9402 |    496 |    572 |   6593 |  14 |  707.0 |
       Dungeon |   8917 |   8422 |    495 |    309 |   6233 |  10 |  891.7 |
        Temple |     28 |     28 |      0 |      0 |      0 |   1 |   28.0 |
  Orcish Mines |     12 |     12 |      0 |      0 |      0 |   1 |   12.0 |
       Ossuary |    525 |    525 |      0 |     44 |    286 |   1 |  525.0 |
        Bailey |    414 |    414 |      0 |    219 |     73 |   1 |  414.0 |
               +--------+--------+--------+--------+--------+-----+--------+

Top non-repeatable levels by time:
     D:5: 1229 daAuts
     D:1: 1113 daAuts
     D:9: 1090 daAuts
     D:4: 1071 daAuts
     D:6: 912 daAuts
     D:7: 896 daAuts
     D:2: 834 daAuts
     D:3: 770 daAuts
     D:8: 732 daAuts
 Ossuary: 525 daAuts
  Bailey: 414 daAuts
    D:10: 266 daAuts
  Temple: 28 daAuts
   Orc:1: 12 daAuts
